[ AOE2 MATCH · #479545418 ]
Team RMRomans vs Britons
[ REPLAY ANALYSIS · EXTRACTED FROM THE RECORDED GAME ]
Feudal
21:12
Castle
—
Imperial
—
| APM avg | 20.7 |
| APM peak | 41 |
| eAPM avg | 13.7 |
| Villagers / military | 67 / 0 |
Focus
⚔️ 8.1% · 🌾 91.9%
Feudal
—
Castle
—
Imperial
—
| APM avg | 14.4 |
| APM peak | 36 |
| eAPM avg | 8.7 |
| Villagers / military | 38 / 9 |
Focus
⚔️ 18.6% · 🌾 81.4%
Fishing Ship ×10 · Scout Cavalry ×7 · Fire Galley ×2 · Unknown (2626) ×2
Feudal
17:10
Castle
22:20
Imperial
—
| APM avg | 12.5 |
| APM peak | 28 |
| eAPM avg | 8.6 |
| Villagers / military | 61 / 5 |
Focus
⚔️ 7.8% · 🌾 92.2%
Teutonic Knight ×5
Feudal
16:04
Castle
—
Imperial
—
| APM avg | 14.3 |
| APM peak | 27 |
| eAPM avg | 9.6 |
| Villagers / military | 72 / 11 |
Focus
⚔️ 21.2% · 🌾 78.8%
Fishing Ship ×23 · Spearman ×7 · Militia ×2 · Fire Galley ×2
Feudal
18:14
Castle
26:04
Imperial
—
| APM avg | 15.7 |
| APM peak | 35 |
| eAPM avg | 6.9 |
| Villagers / military | 33 / 13 |
Focus
⚔️ 25.5% · 🌾 74.5%
Fishing Ship ×21 · Archer ×7 · Scout Cavalry ×6
Feudal
17:59
Castle
30:00
Imperial
—
| APM avg | 10.2 |
| APM peak | 28 |
| eAPM avg | 5.6 |
| Villagers / military | 22 / 0 |
Focus
⚔️ 20.2% · 🌾 79.8%
Fishing Ship ×11
Match map
Initial resources + every placement click. Lines = walls · curves = elevation contours. ◆ gold · ⬟ stone · ● berries · ✦ relic · ◌ wall gap
Your base· Open — unwalled flank
CanineSteak5198's base· Open — unwalled flank
Risk_Steves's base· Open — 13t gap
James McMCloud's base· Open — unwalled flank
Padenormous's base· Open — 6t gap
EL PELUCA SAPEEE's base· Open — 9t gap
Smoothed initial terrain · ◌ = detected wall gap · hover for details
Inputs per minute
— Leon S. Kennedy - - CanineSteak5198
Build order — Leon S. Kennedy
90 actions detected in the replay
| 2:39 | Build | Town Center |
| 4:14 | Build | House |
| 4:45 | Research | Loom |
| 4:45 | Create | Villager (Male) |
| 4:46 | Create | Villager (Male) |
| 4:46 | Create | Villager (Male) |
| 4:46 | Create | Villager (Male) |
| 4:46 | Create | Villager (Male) |
| 4:57 | Build | Palisade Wall |
| 6:12 | Build | Palisade Wall |
| 6:15 | Create | Villager (Male) |
| 6:15 | Create | Villager (Male) |
| 6:54 | Build | House |
| 7:08 | Create | Villager (Male) |
| 7:16 | Build | Mining Camp |
| 7:44 | Build | House |
| 8:03 | Create | Villager (Male) |
| 8:38 | Create | Villager (Male) |
| 8:39 | Create | Villager (Male) |
| 9:12 | Build | House |
| 9:50 | Create | Villager (Male) |
| 9:51 | Create | Villager (Male) |
| 10:31 | Create | Villager (Male) |
| 10:31 | Create | Villager (Male) |
| 10:32 | Create | Villager (Male) |
| 10:53 | Create | Villager (Male) |
| 10:53 | Create | Villager (Male) |
| 11:29 | Create | Villager (Male) |
| 11:51 | Create | Villager (Male) |
| 11:51 | Create | Villager (Male) |
| 12:37 | Create | Villager (Male) |
| 12:37 | Create | Villager (Male) |
| 12:57 | Build | Mining Camp |
| 13:04 | Create | Villager (Male) |
| 13:04 | Create | Villager (Male) |
| 13:54 | Create | Villager (Male) |
| 13:54 | Create | Villager (Male) |
| 14:07 | Create | Villager (Male) |
| 14:07 | Create | Villager (Male) |
| 14:50 | Build | Barracks |
| 14:55 | Create | Villager (Male) |
| 14:55 | Create | Villager (Male) |
| 14:55 | Create | Villager (Male) |
| 15:16 | Create | Villager (Male) |
| 15:16 | Create | Villager (Male) |
| 16:13 | Build | Lumber Camp |
| 16:34 | Create | Villager (Male) |
| 16:34 | Create | Villager (Male) |
| 16:34 | Create | Villager (Male) |
| 16:35 | Create | Villager (Male) |
| 17:20 | Create | Villager (Male) |
| 17:20 | Create | Villager (Male) |
| 17:20 | Create | Villager (Male) |
| 17:29 | Build | House |
| 18:58 | Build | House |
| 19:00 | Research | Feudal Age |
| 19:20 | Build | Lumber Camp |
| 19:28 | Build | Mill |
| 21:12 | Age | Feudal Age |
| 21:14 | Create | Villager (Male) |
| 21:14 | Create | Villager (Male) |
| 21:14 | Create | Villager (Male) |
| 21:14 | Create | Villager (Male) |
| 21:14 | Create | Villager (Male) |
| 21:15 | Create | Villager (Male) |
| 21:29 | Create | Villager (Male) |
| 21:30 | Create | Villager (Male) |
| 21:41 | Build | Watch Tower |
| 21:49 | Create | Villager (Male) |
| 21:49 | Create | Villager (Male) |
| 22:33 | Create | Villager (Male) |
| 22:33 | Create | Villager (Male) |
| 23:07 | Create | Villager (Male) |
| 23:08 | Create | Villager (Male) |
| 23:08 | Create | Villager (Male) |
| 23:44 | Build | Watch Tower |
| 23:47 | Create | Villager (Male) |
| 23:48 | Create | Villager (Male) |
| 24:14 | Create | Villager (Male) |
| 24:14 | Create | Villager (Male) |
| 25:02 | Create | Villager (Male) |
| 25:02 | Create | Villager (Male) |
| 25:03 | Create | Villager (Male) |
| 26:38 | Create | Villager (Male) |
| 26:39 | Create | Villager (Male) |
| 26:39 | Create | Villager (Male) |
| 26:39 | Create | Villager (Male) |
| 27:05 | Build | Watch Tower |
| 27:21 | Build | House |
| 28:47 | Build | Watch Tower |
Build order — CanineSteak5198
96 actions detected in the replay
| 0:54 | Build | Town Center |
| 3:14 | Research | Loom |
| 3:14 | Create | Villager (Male) |
| 3:15 | Create | Villager (Male) |
| 3:15 | Create | Villager (Male) |
| 3:15 | Create | Villager (Male) |
| 3:15 | Create | Villager (Male) |
| 3:48 | Build | Dock |
| 4:27 | Build | House |
| 4:48 | Build | House |
| 5:48 | Create | Villager (Male) |
| 5:49 | Create | Villager (Male) |
| 6:55 | Create | Villager (Male) |
| 6:57 | Create | Villager (Male) |
| 7:26 | Create | Villager (Male) |
| 7:33 | Create | Fishing Ship |
| 8:03 | Create | Villager (Male) |
| 8:04 | Create | Villager (Male) |
| 8:08 | Build | House |
| 8:13 | Create | Villager (Male) |
| 9:04 | Create | Villager (Male) |
| 9:11 | Create | Fishing Ship |
| 9:40 | Create | Fishing Ship |
| 9:50 | Create | Villager (Male) |
| 9:51 | Create | Villager (Male) |
| 10:05 | Build | House |
| 10:40 | Build | Outpost |
| 10:50 | Create | Villager (Male) |
| 10:57 | Create | Fishing Ship |
| 11:24 | Create | Villager (Male) |
| 11:28 | Create | Fishing Ship |
| 12:08 | Build | Mining Camp |
| 12:31 | Create | Villager (Male) |
| 12:37 | Build | House |
| 12:59 | Research | Feudal Age |
| 13:08 | Create | Fishing Ship |
| 13:09 | Create | Fishing Ship |
| 14:03 | Create | Fishing Ship |
| 14:25 | Research | Town Watch |
| 14:25 | Create | Villager (Male) |
| 14:26 | Create | Villager (Male) |
| 14:26 | Create | Villager (Male) |
| 14:49 | Build | Watch Tower |
| 15:03 | Build | Watch Tower |
| 15:05 | Create | Villager (Male) |
| 15:05 | Create | Villager (Male) |
| 15:10 | Create | Fishing Ship |
| 15:11 | Create | Fishing Ship |
| 15:21 | Build | Watch Tower |
| 15:33 | Build | House |
| 16:34 | Create | Villager (Male) |
| 16:34 | Create | Villager (Male) |
| 16:45 | Build | Watch Tower |
| 16:55 | Build | Barracks |
| 17:23 | Build | Watch Tower |
| 17:31 | Create | Villager (Male) |
| 17:32 | Create | Villager (Male) |
| 17:58 | Build | Stable |
| 18:03 | Create | Villager (Male) |
| 18:04 | Create | Villager (Male) |
| 18:23 | Build | House |
| 18:24 | Build | House |
| 18:32 | Build | Watch Tower |
| 19:26 | Create | Scout Cavalry |
| 19:26 | Create | Scout Cavalry |
| 19:27 | Create | Scout Cavalry |
| 19:27 | Create | Scout Cavalry |
| 19:35 | Create | Villager (Male) |
| 19:36 | Create | Villager (Male) |
| 19:40 | Build | Blacksmith |
| 20:46 | Build | Watch Tower |
| 20:52 | Research | Fletching |
| 21:26 | Build | Watch Tower |
| 22:09 | Build | House |
| 22:09 | Build | House |
| 22:31 | Create | Scout Cavalry |
| 22:32 | Create | Scout Cavalry |
| 22:53 | Create | Villager (Male) |
| 22:54 | Create | Villager (Male) |
| 23:03 | Build | Mining Camp |
| 23:41 | Create | Scout Cavalry |
| 24:58 | Build | Lumber Camp |
| 24:59 | Create | Villager (Male) |
| 25:00 | Create | Villager (Male) |
| 25:00 | Create | Villager (Male) |
| 25:08 | Build | Watch Tower |
| 25:21 | Create | Fire Galley |
| 25:22 | Create | Fire Galley |
| 25:33 | Create | Villager (Male) |
| 27:19 | Build | Watch Tower |
| 28:00 | Build | Watch Tower |
| 28:26 | Build | Mining Camp |
| 28:53 | Build | Watch Tower |
| 29:18 | Create | Unit 2626 |
| 29:25 | Create | Unit 2626 |
| 29:56 | Build | Mill |
Build order — Risk_Steves
109 actions detected in the replay
| 0:46 | Build | Town Center |
| 3:18 | Create | Villager (Male) |
| 3:19 | Create | Villager (Male) |
| 3:19 | Create | Villager (Male) |
| 3:19 | Create | Villager (Male) |
| 3:45 | Build | House |
| 3:47 | Build | House |
| 4:31 | Build | Mill |
| 5:00 | Create | Villager (Male) |
| 5:41 | Create | Villager (Male) |
| 5:41 | Create | Villager (Male) |
| 6:31 | Create | Villager (Male) |
| 7:03 | Create | Villager (Male) |
| 7:03 | Create | Villager (Male) |
| 7:19 | Build | House |
| 8:08 | Create | Villager (Male) |
| 8:09 | Create | Villager (Male) |
| 8:09 | Create | Villager (Male) |
| 8:31 | Create | Villager (Male) |
| 8:31 | Create | Villager (Male) |
| 8:51 | Build | House |
| 8:52 | Build | House |
| 9:31 | Create | Villager (Male) |
| 9:31 | Create | Villager (Male) |
| 9:32 | Create | Villager (Male) |
| 10:04 | Create | Villager (Male) |
| 10:05 | Create | Villager (Male) |
| 10:22 | Build | Farm |
| 10:28 | Build | Farm |
| 10:37 | Build | Farm |
| 10:47 | Build | Farm |
| 10:53 | Create | Villager (Male) |
| 10:53 | Create | Villager (Male) |
| 12:08 | Build | Farm |
| 12:14 | Create | Villager (Male) |
| 12:14 | Create | Villager (Male) |
| 12:31 | Build | Farm |
| 12:42 | Build | Farm |
| 12:43 | Build | Farm |
| 12:54 | Research | Loom |
| 13:31 | Build | Mill |
| 13:35 | Create | Villager (Male) |
| 13:36 | Create | Villager (Male) |
| 13:41 | Create | Villager (Male) |
| 14:10 | Create | Villager (Male) |
| 14:18 | Build | Mining Camp |
| 14:23 | Create | Villager (Male) |
| 14:51 | Research | Feudal Age |
| 15:01 | Build | Mining Camp |
| 15:14 | Build | Outpost |
| 15:16 | Build | Outpost |
| 16:00 | Create | Villager (Male) |
| 16:00 | Create | Villager (Male) |
| 16:10 | Build | House |
| 16:12 | Build | House |
| 16:14 | Build | House |
| 17:10 | Age | Feudal Age |
| 17:24 | Build | Watch Tower |
| 17:46 | Create | Villager (Male) |
| 17:46 | Create | Villager (Male) |
| 17:58 | Build | Blacksmith |
| 18:10 | Build | Market |
| 18:52 | Build | Watch Tower |
| 19:02 | Create | Villager (Male) |
| 19:03 | Create | Villager (Male) |
| 19:37 | Create | Villager (Male) |
| 19:38 | Create | Villager (Male) |
| 19:40 | Research | Castle Age |
| 21:56 | Create | Villager (Male) |
| 21:56 | Create | Villager (Male) |
| 22:20 | Age | Castle Age |
| 22:23 | Build | Town Center |
| 23:00 | Create | Villager (Male) |
| 23:00 | Create | Villager (Male) |
| 23:37 | Build | Castle |
| 24:05 | Create | Villager (Male) ×5 |
| 25:11 | Build | Town Center |
| 25:18 | Build | Farm |
| 25:22 | Build | Farm |
| 25:24 | Build | Farm |
| 25:25 | Build | Farm |
| 25:26 | Build | Farm |
| 25:28 | Build | Farm |
| 25:30 | Build | Farm |
| 25:59 | Create | Villager (Male) ×5 |
| 26:06 | Create | Teutonic Knight ×5 |
| 26:42 | Research | Wheelbarrow |
| 26:43 | Create | Villager (Male) |
| 26:53 | Build | Farm |
| 26:54 | Build | Farm |
| 26:56 | Build | Farm |
| 26:57 | Build | Farm |
| 26:58 | Build | Farm |
| 26:59 | Build | Farm |
| 27:00 | Build | Farm |
| 27:11 | Build | Farm |
| 27:23 | Build | Farm |
| 27:29 | Build | Farm |
| 27:30 | Build | Farm |
| 27:41 | Build | Farm |
| 27:44 | Build | Farm |
| 27:45 | Build | Farm |
| 27:48 | Research | Horse Collar |
| 27:59 | Build | Lumber Camp |
| 28:03 | Create | Villager (Male) ×4 |
| 29:04 | Build | Barracks |
| 29:05 | Build | Barracks |
| 30:17 | Research | Hand Cart |
| 30:18 | Create | Villager (Male) ×5 |
Build order — James McMCloud
124 actions detected in the replay
| 0:36 | Build | Town Center |
| 3:17 | Build | House |
| 3:27 | Create | Villager (Male) |
| 3:27 | Create | Villager (Male) |
| 3:27 | Create | Villager (Male) |
| 3:27 | Create | Villager (Male) |
| 3:28 | Create | Villager (Male) |
| 3:28 | Create | Villager (Male) |
| 3:28 | Create | Villager (Male) |
| 3:28 | Create | Villager (Male) |
| 4:15 | Build | House |
| 4:57 | Create | Villager (Male) |
| 4:57 | Create | Villager (Male) |
| 4:57 | Create | Villager (Male) |
| 4:57 | Create | Villager (Male) |
| 5:20 | Create | Villager (Male) |
| 5:21 | Create | Villager (Male) |
| 5:21 | Create | Villager (Male) |
| 5:21 | Create | Villager (Male) |
| 5:21 | Create | Villager (Male) |
| 6:27 | Create | Villager (Male) |
| 6:27 | Create | Villager (Male) |
| 6:27 | Create | Villager (Male) |
| 6:28 | Create | Villager (Male) |
| 6:28 | Create | Villager (Male) |
| 7:00 | Build | Dock |
| 7:07 | Create | Villager (Male) |
| 7:07 | Create | Villager (Male) |
| 7:07 | Create | Villager (Male) |
| 7:08 | Create | Villager (Male) |
| 7:08 | Create | Villager (Male) |
| 7:46 | Build | House |
| 7:49 | Create | Fishing Ship |
| 7:49 | Create | Fishing Ship |
| 7:49 | Create | Fishing Ship |
| 7:49 | Create | Fishing Ship |
| 7:50 | Create | Fishing Ship |
| 7:55 | Create | Villager (Male) |
| 7:55 | Create | Villager (Male) |
| 7:55 | Create | Villager (Male) |
| 7:55 | Create | Villager (Male) |
| 8:27 | Create | Villager (Male) |
| 8:27 | Create | Villager (Male) |
| 8:27 | Create | Villager (Male) |
| 8:28 | Create | Villager (Male) |
| 9:02 | Create | Villager (Male) |
| 9:02 | Create | Villager (Male) |
| 9:02 | Create | Villager (Male) |
| 9:02 | Create | Villager (Male) |
| 9:03 | Create | Villager (Male) |
| 9:03 | Create | Villager (Male) |
| 9:30 | Build | Mining Camp |
| 9:56 | Create | Villager (Male) |
| 9:57 | Create | Villager (Male) |
| 9:57 | Create | Villager (Male) |
| 9:57 | Create | Villager (Male) |
| 9:57 | Create | Villager (Male) |
| 9:57 | Create | Villager (Male) |
| 9:57 | Create | Villager (Male) |
| 9:58 | Create | Villager (Male) |
| 10:56 | Build | Barracks |
| 11:25 | Create | Villager (Male) |
| 11:25 | Create | Villager (Male) |
| 11:25 | Create | Villager (Male) |
| 11:25 | Create | Villager (Male) |
| 11:25 | Create | Villager (Male) |
| 11:26 | Create | Villager (Male) |
| 11:26 | Create | Villager (Male) |
| 12:07 | Build | House |
| 12:45 | Research | Loom |
| 13:02 | Create | Fishing Ship |
| 13:02 | Create | Fishing Ship |
| 13:03 | Create | Fishing Ship |
| 13:03 | Create | Fishing Ship |
| 13:03 | Create | Fishing Ship |
| 13:19 | Create | Fishing Ship |
| 13:54 | Research | Feudal Age |
| 14:11 | Create | Fishing Ship |
| 14:51 | Create | Militia |
| 14:51 | Create | Militia |
| 15:00 | Create | Fishing Ship |
| 15:41 | Build | House |
| 15:53 | Create | Villager (Male) |
| 15:54 | Create | Villager (Male) |
| 16:04 | Age | Feudal Age |
| 16:12 | Create | Villager (Male) |
| 16:12 | Create | Villager (Male) |
| 16:33 | Research | Man-at-Arms (upgrade) |
| 17:10 | Create | Villager (Male) |
| 17:11 | Create | Villager (Male) |
| 17:11 | Create | Villager (Male) |
| 18:17 | Build | Watch Tower |
| 19:25 | Build | House |
| 20:56 | Build | Mining Camp |
| 21:11 | Create | Villager (Male) |
| 21:11 | Create | Villager (Male) |
| 21:12 | Research | Wheelbarrow |
| 21:29 | Create | Fishing Ship |
| 21:29 | Create | Fishing Ship |
| 21:29 | Create | Fishing Ship |
| 21:29 | Create | Fishing Ship |
| 21:46 | Build | Watch Tower |
| 22:04 | Create | Spearman |
| 22:04 | Create | Spearman |
| 22:05 | Create | Spearman |
| 22:05 | Create | Spearman |
| 22:56 | Create | Fishing Ship |
| 22:56 | Create | Fishing Ship |
| 22:56 | Create | Fishing Ship |
| 22:56 | Create | Fishing Ship |
| 23:40 | Create | Fishing Ship |
| 23:40 | Create | Fishing Ship |
| 25:01 | Create | Villager (Male) |
| 25:29 | Create | Spearman |
| 25:30 | Create | Spearman |
| 25:30 | Create | Spearman |
| 26:04 | Create | Villager (Male) |
| 26:04 | Create | Villager (Male) |
| 26:04 | Create | Villager (Male) |
| 27:28 | Create | Fire Galley |
| 27:28 | Create | Fire Galley |
| 28:35 | Create | Villager (Male) |
| 28:35 | Create | Villager (Male) |
| 28:35 | Create | Villager (Male) |
Build order — Padenormous
94 actions detected in the replay
| 0:31 | Build | Dock |
| 1:47 | Build | Town Center |
| 3:45 | Build | House |
| 4:33 | Create | Villager (Male) ×5 |
| 5:12 | Create | Villager (Male) |
| 6:49 | Build | Lumber Camp |
| 7:10 | Create | Villager (Male) |
| 7:49 | Build | House |
| 7:50 | Build | House |
| 8:20 | Research | Loom |
| 8:42 | Create | Villager (Male) |
| 8:51 | Create | Fishing Ship |
| 8:58 | Create | Fishing Ship |
| 9:15 | Create | Villager (Male) |
| 9:32 | Create | Fishing Ship |
| 10:13 | Create | Villager (Male) |
| 10:33 | Create | Fishing Ship |
| 10:41 | Create | Fishing Ship |
| 11:02 | Build | House |
| 11:04 | Build | House |
| 11:22 | Create | Villager (Male) ×4 |
| 11:37 | Create | Villager (Male) |
| 11:42 | Create | Fishing Ship |
| 12:11 | Create | Villager (Male) |
| 12:17 | Create | Fishing Ship |
| 12:52 | Build | Mill |
| 13:24 | Build | Mill |
| 14:02 | Create | Villager (Male) ×5 |
| 14:05 | Create | Villager (Male) |
| 14:05 | Create | Villager (Male) |
| 14:18 | Build | Dock |
| 14:40 | Create | Fishing Ship |
| 14:40 | Create | Fishing Ship |
| 14:53 | Create | Fishing Ship |
| 15:34 | Build | Barracks |
| 15:52 | Build | House |
| 16:03 | Research | Feudal Age |
| 16:20 | Build | House |
| 16:21 | Build | House |
| 16:22 | Build | House |
| 16:59 | Build | Outpost |
| 17:03 | Create | Fishing Ship |
| 17:05 | Create | Fishing Ship |
| 17:10 | Create | Fishing Ship |
| 17:10 | Create | Fishing Ship |
| 17:29 | Build | Mining Camp |
| 17:44 | Build | Outpost |
| 17:53 | Create | Villager (Male) ×5 |
| 18:09 | Build | Outpost |
| 18:14 | Age | Feudal Age |
| 18:37 | Build | Archery Range |
| 18:49 | Build | Blacksmith |
| 19:26 | Create | Fishing Ship |
| 19:26 | Create | Fishing Ship |
| 19:34 | Create | Archer |
| 19:42 | Build | Watch Tower |
| 19:54 | Build | Watch Tower |
| 20:33 | Build | Farm |
| 20:40 | Create | Archer |
| 20:40 | Create | Archer |
| 21:13 | Build | Stable |
| 21:32 | Research | Fletching |
| 21:33 | Research | Padded Archer Armor |
| 21:39 | Create | Archer |
| 21:39 | Create | Archer |
| 21:46 | Create | Scout Cavalry |
| 21:47 | Create | Scout Cavalry |
| 21:56 | Build | Farm |
| 22:02 | Research | Gold Mining |
| 22:06 | Research | Double-Bit Axe |
| 22:39 | Build | Archery Range |
| 22:49 | Create | Scout Cavalry |
| 22:49 | Create | Scout Cavalry |
| 23:24 | Research | Castle Age |
| 24:07 | Create | Archer ×2 |
| 25:01 | Create | Scout Cavalry |
| 25:01 | Create | Scout Cavalry |
| 25:06 | Build | House |
| 25:07 | Build | House |
| 25:07 | Build | House |
| 25:07 | Build | House |
| 25:46 | Build | Mining Camp |
| 26:04 | Age | Castle Age |
| 26:16 | Research | Bodkin Arrow |
| 26:16 | Research | Leather Archer Armor |
| 26:22 | Build | University |
| 26:54 | Build | Dock |
| 27:44 | Create | Villager (Male) ×5 |
| 27:58 | Build | Town Center |
| 28:02 | Research | Stone Mining |
| 28:14 | Build | Dock |
| 28:40 | Research | Horse Collar |
| 29:32 | Build | Dock |
| 29:35 | Create | Fishing Ship ×5 |
Build order — EL PELUCA SAPEEE
62 actions detected in the replay
| 1:01 | Build | Town Center |
| 3:44 | Research | Loom |
| 4:23 | Create | Villager (Male) |
| 4:46 | Build | Dock |
| 5:08 | Create | Villager (Male) |
| 5:23 | Build | House |
| 5:30 | Build | House |
| 5:55 | Create | Villager (Male) |
| 5:55 | Create | Villager (Male) |
| 6:37 | Build | Mill |
| 7:26 | Create | Fishing Ship |
| 8:15 | Create | Fishing Ship |
| 9:08 | Create | Villager (Male) |
| 9:25 | Create | Fishing Ship |
| 9:46 | Create | Villager (Male) |
| 9:51 | Create | Fishing Ship |
| 10:14 | Create | Fishing Ship |
| 10:20 | Create | Villager (Male) |
| 10:50 | Create | Villager (Male) |
| 11:08 | Create | Fishing Ship |
| 11:34 | Create | Villager (Male) |
| 11:43 | Build | House |
| 11:45 | Build | House |
| 11:47 | Build | House |
| 12:27 | Create | Fishing Ship |
| 12:28 | Create | Fishing Ship |
| 12:43 | Create | Villager (Male) |
| 12:44 | Create | Villager (Male) |
| 13:27 | Build | Dock |
| 13:42 | Create | Fishing Ship |
| 14:03 | Create | Villager (Male) |
| 15:49 | Research | Feudal Age |
| 15:56 | Build | Lumber Camp |
| 16:17 | Build | Mining Camp |
| 16:54 | Build | Dock |
| 17:00 | Build | Dock |
| 17:54 | Create | Fishing Ship |
| 17:54 | Create | Fishing Ship |
| 17:59 | Age | Feudal Age |
| 18:46 | Build | Watch Tower |
| 18:51 | Research | Double-Bit Axe |
| 20:25 | Build | Blacksmith |
| 21:39 | Research | Gold Mining |
| 22:23 | Build | Market |
| 25:16 | Build | Town Center |
| 27:20 | Research | Castle Age |
| 28:50 | Research | Scale Mail Armor |
| 28:50 | Research | Forging |
| 28:51 | Research | Fletching |
| 28:52 | Research | Padded Archer Armor |
| 28:53 | Research | Scale Barding Armor |
| 29:07 | Create | Villager (Male) |
| 29:07 | Create | Villager (Male) |
| 29:08 | Create | Villager (Male) |
| 29:08 | Create | Villager (Male) |
| 29:08 | Create | Villager (Male) |
| 29:09 | Create | Villager (Male) |
| 29:09 | Create | Villager (Male) |
| 29:09 | Create | Villager (Male) |
| 29:09 | Create | Villager (Male) |
| 29:10 | Create | Villager (Male) |
| 30:00 | Age | Castle Age |
Match timeline
| 0:31 | Padenormous · first_building Dock |
| 3:48 | CanineSteak5198 · first_building Dock |
| 4:46 | EL PELUCA SAPEEE · first_building Dock |
| 4:57 | Leon S. Kennedy · wall_segment Palisade Wall x8 |
| 6:12 | Leon S. Kennedy · wall_segment Palisade Wall x7 |
| 7:00 | James McMCloud · first_building Dock |
| 10:56 | James McMCloud · first_building Barracks |
| 14:50 | Leon S. Kennedy · first_building Barracks |
| 15:34 | Padenormous · first_building Barracks |
| 16:04 | James McMCloud · age_up feudal |
| 16:55 | CanineSteak5198 · first_building Barracks |
| 17:10 | Risk_Steves · age_up feudal |
| 17:58 | CanineSteak5198 · first_building Stable |
| 17:59 | EL PELUCA SAPEEE · age_up feudal |
| 18:14 | Padenormous · age_up feudal |
| 18:37 | Padenormous · first_building Archery Range |
| 21:12 | Leon S. Kennedy · age_up feudal |
| 21:13 | Padenormous · first_building Stable |
| 22:20 | Risk_Steves · age_up castle |
| 23:29 | Risk_Steves · first_market_buy 100 stone |
| 23:37 | Risk_Steves · first_building Castle |
| 25:09 | EL PELUCA SAPEEE · first_market_buy 100 stone |
| 26:04 | Padenormous · age_up castle |
| 29:04 | Risk_Steves · first_building Barracks |
| 29:51 | James McMCloud · resign |
| 30:00 | EL PELUCA SAPEEE · age_up castle |
[ AI ANALYSIS · 1 CREDIT ]
What really happened in this match?
Wolo.gg analyzes every decision: build order, eco, micro, common mistakes by bracket. Personalized analysis on WhatsApp or Discord in 30 seconds.
Civ guide
Romans
Map guide
Nomad
Perfil
EL_PUERCO_REDENTOR